 Dungeon Crawl Stone Soup version 0.27.0-1-g7a089689b8 (console) character file.

Game seed: 2709092712092780775

104 jejorda2 the Skirmisher (level 4, 0/35 HPs)
             Began as a Merfolk Arcane Marksman on Aug 2, 2021.
             Was a Follower of Trog.
             Slain by Sigmund (11 damage)
             ... on level 3 of the Dungeon.
             The game lasted 00:05:14 (2642 turns).

jejorda2 the Skirmisher (Merfolk Arcane Marksman)   Turns: 2642, Time: 00:05:14

Health: 0/35       AC:  6    Str: 11    XL:     4   Next: 80%
Magic:  5/5        EV:  9    Int: 12    God:    Trog [*.....]
Gold:   35         SH:  0    Dex: 14    Spells: 4/5 levels left

rFire    . . .     SeeInvis +   a - +0 spear
rCold    . . .     Faith    .   (no shield)
rNeg     . . .     Spirit   .   l - +0 scale mail
rPois    .         Reflect  .   (no helmet)
rElec    .         Harm     .   (no cloak)
rCorr    .         Rampage  .   (no gloves)
Will     .....                  (no boots)
Stlth    ..........             h - amulet of regeneration
HPRegen  1.11/turn              i - ring of see invisible
MPRegen  0.09/turn              (no ring)

@: confused, on berserk cooldown, slowed, very slow
A: (nimble swimmer 2), mertail
a: Renounce Religion, Berserk


You were on level 3 of the Dungeon.
You worshipped Trog.
Trog was aware of your devotion.
You visited 1 branch of the dungeon, and saw 3 of its levels.

You collected 35 gold pieces.

Inventory:

Hand Weapons
 a - a +0 spear (weapon)
 e - a +0 short sword
 m - a +0 flail
Missiles
 b - 5 javelins (quivered)
 c - a throwing net
 g - 14 stones
Armour
 l - a +0 scale mail (worn)
Jewellery
 h - an amulet of regeneration (around neck)
 i - a ring of see invisible (left hand)
Scrolls
 d - a scroll of identify
Potions
 k - a potion of lignification


   Skills:
 + Level 3.5 Fighting
 * Level 0.0 Polearms
 - Level 2.0 Throwing
 + Level 2.1 Armour
 - Level 2.6 Dodging
 - Level 1.0 Spellcasting
 - Level 3.0 Hexes


You had 4 spell levels left.
You knew the following spells:

 Your Spells              Type           Power      Damage    Failure   Level
a - Corona                Hex            7%         N/A       45%         1

Your spell library contained the following spells:

 Spells                   Type           Power      Damage    Failure   Level
 Slow                     Hex            7%         N/A       58%         2
 Corpse Rot               Necr/Air       N/A        N/A       95%         2
 Inner Flame              Hex/Fire       4%         N/A       95%         3
 Portal Projectile        Hex/Tloc       8%         N/A       95%         3
 Stone Arrow              Conj/Erth      0%         3d7       99%         3
 Cause Fear               Hex            3%         N/A       99%         4
 Dispel Undead            Necr           0%         3d6       100%        4
 Bolt of Magma            Conj/Fire/Erth 0%         4d4       100%        5
 Death Channel            Necr           0%         N/A       100%        6
 Shatter                  Erth           0%         3d5*      100%        9


Dungeon Overview and Level Annotations

Branches:
Dungeon (3/15)

Altars:
Trog
Zin

Shops:
D:1 !

Annotations:
D:3 Sigmund


Innate Abilities, Weirdness & Mutations

((You are quick and stealthy near water. (Stealth+, EV+, Speed+++)))
Your lower body shifts to a powerful aquatic tail in water.


Message History

The floor.
Unknown command.
As you read the scroll labelled KOQOIR YMONN, it crumbles to dust.
It is a scroll of identify.
k - a potion of lignification
As you read the scroll labelled UDYCIP WOHACEA, it crumbles to dust.
You hear a loud clanging noise!
It was a scroll of noise.
You hear a shout! x4; You hear an angry hiss.
You hear a shout!
As you read the scroll labelled BELEKI ME KAA, it crumbles to dust.
The air around you briefly surges with heat, but it dissipates.
It was a scroll of immolation.
Sigmund the Dreaded comes into view.
He is wielding a +0 scythe.
A red film seems to cover your vision as you go berserk!
You feel yourself moving faster!
You feel mighty!
You feel a strong urge to attack something.
A gnoll comes into view. It is wielding a +0 spear.
The gnoll shouts!
You hear a shout!
A gnoll comes into view. It is wielding a +0 spear.
Sigmund hits you with a +0 scythe!
A gnoll comes into view. It is wielding a +0 flail.
Sigmund hits you with a +0 scythe.
You closely miss Sigmund. You puncture Sigmund!
Sigmund is moderately wounded.
You are no longer berserk.
You are exhausted.
You feel yourself slow down.
The gnoll hits you from afar with a +0 spear.
Sigmund gestures at you while chanting.
You are confused.
A gnoll comes into view. It is wielding a +0 halberd.
Unknown command.
Sigmund closely misses you.
The gnoll hits you from afar with a +0 spear.
Sigmund hits you with a +0 scythe!
* * * LOW HITPOINT WARNING * * *
You bump into the rock wall.
The gnoll closely misses you. Sigmund hits you with a +0 scythe!
You die...

..... ..). ....
...... ... ......
#.. .....^ #†#
...... #.#####
......##.....######
#>..............
#.#....@#+######
#.###.@...#
#.#<#gg...#
#.#.#.....#
#.#.#.g...#
#.#.#...[.#
#...#g....#
#####.....# ..#'###


You could see Sigmund and 4 gnolls.

Vanquished Creatures
  3 gnolls (D:2)
  3 adders (D:2)
  A worm (D:2)
  A dart slug (D:2)
  4 endoplasms
  A giant cockroach (D:2)
  4 goblins
  3 hobgoblins
  4 jackals (D:2)
  2 quokkas
  4 ball pythons
  5 bats
  A frilled lizard (D:2)
  4 kobolds
  6 rats
46 creatures vanquished.

Notes
Turn   | Place    | Note
-------+----------+-------------------------------------------
     0 | D:1      | jejorda2 the Merfolk Arcane Marksman began the quest for
                  | the Orb.
     0 | D:1      | Reached XP level 1. HP: 15/15 MP: 2/2
   259 | D:1      | Found Heawkat's Distillery.
   429 | D:1      | Reached XP level 2. HP: 19/22 MP: 3/3
  1005 | D:1      | Reached skill level 1 in Armour
  1109 | D:2      | Reached XP level 3. HP: 28/28 MP: 4/4
  1466 | D:2      | Reached XP level 4. HP: 21/35 MP: 5/5
  2131 | D:2      | Found a glowing silver altar of Zin.
  2558 | D:2      | Found a faded altar of an unknown god.
  2565 | D:2      | Became a worshipper of Trog the Wrathful
  2565 | D:2      | Reached * piety under Trog
  2632 | D:3      | Noticed Sigmund
  2642 | D:3      | Slain by Sigmund

Illustrated notes

Levels and vault maps discovered:
D:1:      lemuel_arrival_behind_the_door_small, layout_basic, serial_shops, shop
D:2:      layout_loops_ring, dilly_ecumenical_altar_fadedgnrine, basic_altar
D:3:      layout_basic, gup_sewer_entry_bubbles, kennysheep_generic_room_13,
          uniq_sigmund, uniq_ijyb, uniq_crazy_yiuf_cottage

Skill      XL: |  1  2  3  4 |
---------------+-------------+-----
Fighting       | 2 3 |  3.5
Armour         | 1 2 |  2.1
Throwing       | |  2.0
Dodging        | |  2.6
Spellcasting   | |  1.0
Hexes          | |  3.0

Action                   |  1- 3 |  4- 6 || total
-------------------------+-------+-------++-------
Melee: Club              |    46 |       ||    46
       Unarmed           |     7 |       ||     7
       Short sword       |    63 |       ||    63
       Flail             |    13 |    69 ||    82
       Spear             |       |     3 ||     3
Throw: Javelin           |     5 |       ||     5
       Throwing net      |     2 |       ||     2
Invok: Berserk           |       |     1 ||     1
  Use: Scroll            |       |     3 ||     3
 Stab: Sleeping          |     1 |       ||     1
       Held in net/web   |     4 |       ||     4
Armor: Robe              |    34 |       ||    34
       Ring mail         |    17 |    27 ||    44
       Scale mail        |       |    12 ||    12
Dodge: Dodged            |    96 |    50 ||   146
